 Dungeon Crawl Stone Soup version 0.27.1 (webtiles) character file.

Game seed: 3931198313992831559

3038 scurtis6 the Cleaver (level 9, -3/115 (120) HPs)
             Began as a Minotaur Berserker on Aug 30, 2021.
             Was a Believer of Trog.
             Slain by a troll (9 damage)
             ... on level 9 of the Dungeon.
             The game lasted 00:14:19 (5813 turns).

scurtis6 the Cleaver (Minotaur Berserker)           Turns: 5813, Time: 00:14:19

HP:   -3/115 (120)  AC:  8    Str: 26    XL:     9   Next: 56%
MP:   8/8           EV: 11    Int:  6    God:    Trog [**....]
Gold: 209           SH:  0    Dex:  9    Spells: 8/8 levels left

rFire    . . .     SeeInvis .   p - +10 whip of Intuition {venom, rPois Int+2}
rCold    . . .     Faith    .   (no shield)
rNeg     . . .     Spirit   .   o - +0 scale mail
rPois    +         Reflect  .   (helmet restricted)
rElec    .         Harm     .   (no cloak)
rCorr    .         Rampage  .   (no gloves)
Will     .....                  (no boots)
Stlth    ..........             h - amulet of magic regeneration
HPRegen  0.29/turn              (no ring)
MPRegen  0.36/turn              (no ring)

@: berserking, lightly drained, very quick
A: horns 2, retaliatory headbutt
a: Renounce Religion, Berserk, Trog's Hand


You were on level 9 of the Dungeon.
You worshipped Trog.
Trog was pleased with you.
You visited 1 branch of the dungeon, and saw 10 of its levels.

You collected 209 gold pieces.

Inventory:

Hand Weapons
 a - a +2 hand axe
 b - a +5 morningstar
 f - a +0 hand axe
 m - a +2 halberd
 p - the +10 whip of Intuition (weapon) {venom, rPois Int+2}
   (You found it on level 8 of the Dungeon)

   It poisons the flesh of those it strikes.
   Int:       It affects your intelligence (+2).
   rPois:     It protects you from poison.
Armour
 o - a +0 scale mail (worn)
Jewellery
 h - an amulet of magic regeneration (around neck)
Wands
 q - a wand of flame (15)
Scrolls
 l - a scroll of teleportation {unknown}
Potions
 c - a potion of ambrosia {unknown}
 d - a potion of mutation
 e - 2 potions of curing {unknown}
 g - a potion of cancellation {unknown}
 i - a potion of heal wounds {unknown}
 j - a potion of brilliance {unknown}
 k - a potion of might {unknown}
 n - a potion of attraction {unknown}


   Skills:
 + Level 7.7 Fighting
 + Level 10.7(10.8) Axes
 + Level 2.5(7.3) Maces & Flails
 + Level 8.8 Armour
 + Level 4.6 Dodging
 + Level 1.7 Stealth


You had 8 spell levels left.
You didn't know any spells.
Your spell library contained the following spells:

 Spells                   Type           Power      Damage    Failure   Level
 Ignite Poison            Fire/Tmut/Pois 0%         N/A       96%         3
 Mephitic Cloud           Conj/Pois/Air  0%         N/A       96%         3
 Bolt of Magma            Conj/Fire/Erth 0%         4d4       100%        5


Dungeon Overview and Level Annotations

Branches:
Dungeon (10/15)            Temple (0/1) D:5
   Lair: D:8-11         Orc: D:9-12

Altars:
Ashenzari
Cheibriados
Dithmenos
Fedhas
Kikubaaqudgha
Zin

Shops:
D:1 [   D:2 =


Innate Abilities, Weirdness & Mutations

You have a pair of horns on your head.
You reflexively headbutt those who attack you in melee.


Message History

You destroy the wight!
Trog accepts your kill.
The wight hits you from afar with a +4 trident.
The wight hits you with a +4 trident!
The wight hits you from afar with a +2 spear!
* * * LOW HITPOINT WARNING * * *
Things that are here:
a +0 falchion; a +0 robe You closely miss the wight.
The wight barely misses you.
The wight hits you from afar with a +2 spear.
* * * LOW HITPOINT WARNING * * *
You feel drained.
* * * LOW HITPOINT WARNING * * *
A red film seems to cover your vision as you go berserk!
You feel yourself moving faster!
You feel mighty!
A wight comes into view. It is wielding a +3 hand axe.
The wight barely misses you. You furiously retaliate!
You headbutt the wight!!
You destroy the wight!
Trog accepts your kill. The wight closely misses you.
You feel a strong urge to attack something.
Things that are here:
a +4 trident; a +0 robe You whack the troll!
The troll looks as sick as possible!
The troll is moderately wounded.
The troll completely misses you. You furiously retaliate!
You headbutt the troll, but do no damage.
The troll claws you!
* * * LOW HITPOINT WARNING * * *
The troll closely misses you. The wight hits you with a +2 spear.
* * * LOW HITPOINT WARNING * * *
You feel drained.
You closely miss the troll.
The troll is heavily wounded.
You closely miss the troll. You headbutt the troll!
The troll is severely wounded.
The troll bites you!
* * * LOW HITPOINT WARNING * * *
The troll claws you!
You die...

...z........#
...........#
z.........#
.........#
....... .zz.
#####z#
#.))@T#
##'#######
#.........
#.........
+.........
#.........
#.........
#.........
#<........


You could see a troll (extremely poisoned) and 3 wights.

Vanquished Creatures
  Psyche (D:9)
  A shadow (D:8)
  6 yaks (D:7)
  A steam dragon (D:8)
  A water moccasin (D:7)
  An ice beast (D:7)
  A black bear (D:5)
  An ogre (D:6)
  3 centaurs (D:9)
  A wyvern skeleton (D:7)
  15 wights
  A howler monkey (D:7)
  A bullfrog zombie (D:5)
  A centaur zombie (D:9)
  A gnoll shaman (D:8)
  A bullfrog skeleton (D:3)
  3 iguanas
  2 centaur skeletons (D:7)
  3 orc wizards
  3 gnolls (D:8)
  5 adders
  A white imp (D:7)
  A worm (D:2)
  8 orcs
  A bat (D:3)
  A goblin (D:1)
  A quokka (D:1)
  A ball python (D:3)
  2 frilled lizards
  A kobold (D:1)
  A rat (D:2)
  A bush (D:9)
72 creatures vanquished.

Notes
Turn   | Place    | Note
-------+----------+-------------------------------------------
     0 | D:1      | scurtis6 the Minotaur Berserker began the quest for the
                  | Orb.
     0 | D:1      | Reached XP level 1. HP: 19/19 MP: 0/0
    69 | D:1      | Found Buagiq's Armour Boutique.
    82 | D:2      | Found Zegaewec's Jewellery Emporium.
   295 | D:2      | Reached skill level 4 in Axes
   295 | D:2      | Reached XP level 2. HP: 10/27 MP: 1/1
   797 | D:3      | Reached XP level 3. HP: 23/33 MP: 2/2
  1248 | D:3      | Found a snail-covered altar of Cheibriados.
  1274 | D:3      | Reached XP level 4. HP: 34/41 MP: 3/3
  1565 | D:5      | Entered Level 5 of the Dungeon
  1580 | D:5      | Found a staircase to the Ecumenical Temple.
  1602 | D:5      | Reached skill level 5 in Axes
  1919 | D:5      | Reached XP level 5. HP: 44/47 MP: 4/4
  2030 | D:5      | Noticed a black bear
  2038 | D:5      | Killed a black bear
  2470 | D:6      | Reached XP level 6. HP: 55/55 MP: 5/5
  2509 | D:6      | Reached skill level 5 in Fighting
  2509 | D:6      | Reached skill level 6 in Axes
  2970 | D:7      | Reached skill level 5 in Armour
  3032 | D:6      | Found a broken altar of Ashenzari.
  3158 | D:6      | Found a glowing silver altar of Zin.
  3359 | D:7      | Found a large runed translucent door.
  3375 | D:7      | Found a large runed translucent door.
  3376 | D:7      | Noticed an ice beast
  3386 | D:7      | Reached XP level 7. HP: 61/61 MP: 6/6
  3393 | D:7      | Found a shadowy altar of Dithmenos.
  3409 | D:7      | Found a blossoming altar of Fedhas.
  3418 | D:7      | Reached skill level 1 in Stealth
  3630 | D:7      | Noticed a yak
  3631 | D:7      | Noticed a yak
  3631 | D:7      | Noticed a yak
  3632 | D:7      | Noticed a yak
  3632 | D:7      | Noticed a yak
  3633 | D:7      | Noticed a yak
  3640 | D:7      | Killed a yak
  3641 | D:7      | Reached skill level 7 in Axes
  3647 | D:7      | Killed a yak
  3647 | D:7      | Killed a yak
  3648 | D:7      | Reached skill level 8 in Axes
  3648 | D:7      | Reached XP level 8. HP: 41/70 MP: 7/7
  3648 | D:7      | Reached ** piety under Trog
  3658 | D:7      | HP: 2/71 [yak (9)]
  3660 | D:7      | Reached skill level 9 in Axes
  4149 | D:8      | Reached XP level 9. HP: 79/79 MP: 8/8
  4176 | D:8      | Reached skill level 10 in Axes
  4533 | D:8      | Identified the +10 whip of Intuition {venom, rPois Int+2}
  4757 | D:9      | Noticed Psyche
  4767 | D:9      | Killed Psyche
  4773 | D:9      | Reached skill level 1 in Maces & Flails
  5139 | D:9      | Found an ancient bone altar of Kikubaaqudgha.
  5189 | D:10     | Entered Level 10 of the Dungeon
  5802 | D:9      | Noticed a troll
  5813 | D:9      | Slain by a troll

Illustrated notes

Levels and vault maps discovered:
D:1:      denvon_arrival_waterhouse, layout_rooms, serial_shops,
          nicolae_diamond_shop, dilly_ecumenical_altar_fadedgnrine,
          minmay_domino_4
D:2:      minmay_chambers_of_ones, layout_basic, serial_shops, shop,
          minmay_lizard_king
D:3:      layout_basic, cheibriados_altar_1, okawaru_altar_gauntlet_db,
          hex_large
D:4:      gammafunk_steamed_eel, layout_loops_ring, wad_rectangle_vault,
          uniq_crazy_yiuf_cottage
D:5:      layout_cave_pools, grunt_temple_overflow_diamond,
          minmay_temple_entry_grid
D:6:      layout_basic, evilmike_ruin_ashenzari, zin_treasury,
          mainiacjoe_overflow_surrounded_room, gup_sewer_entry_spiral
D:7:      cheibrodos_barr_body, layout_loops_ring, jmf_multi_god_temple2,
          minmay_misc_feat_doors, chequers_serial_rivers_large_b, uniq_duvessa,
          uniq_maggie
D:8:      layout_cave_pools, minmay_misc_feat_x, grunt_ministairs_8
D:9:      layout_roguey, mainiacjoe_overflow_cross_hatched, special_room
          [special_room_bee], serial_shops, shop, nicolae_lakefront_shop,
          grunt_ministairs_9, uniq_psyche
D:10:     wander_kiku_kobolds, layout_basic, mainiacjoe_overflow_24_doors,
          lair_entry_dummy, hiddenorc1_lemuel, serial_shops,
          nicolae_stop_n_shop_1, kennysheep_path_1

Skill      XL: |  1  2  3  4  5  6  7  8  9 |
---------------+----------------------------+-----
Axes           | 4 5 6 8 9 10 | 10.7
Fighting       | 4 5 6 7 |  7.7
Armour         | 3 4 5 6 7 8 |  8.8
Dodging        | 3 4 |  4.6
Stealth        | 1 |  1.7
Maces & Flails | 2 |  2.5

Action                   |  1- 3 |  4- 6 |  7- 9 || total
-------------------------+-------+-------+-------++-------
Melee: Hand axe          |    29 |    59 |    55 ||   143
       Headbutt          |     3 |    12 |    31 ||    46
       Whip              |       |       |    62 ||    62
Invok: Berserk           |     1 |     4 |     4 ||     9
       Trog's Hand       |       |       |     1 ||     1
  Use: Scroll            |     1 |     2 |     3 ||     6
Armor: Animal skin       |     2 |       |       ||     2
       Ring mail         |    12 |     9 |       ||    21
       Scale mail        |       |    10 |    48 ||    58
Dodge: Dodged            |    33 |    51 |    87 ||   171
